 Dungeon Crawl Stone Soup version 0.25-a0-699-g25a338df49 (webtiles) character file.

Game seed: 14286971224340640915, levelgen mode: deterministic

147 Masnef the Ogre Mage (level 5, -5/45 HPs)
             Began as an Ogre Wizard on Apr 1, 2020.
             Slain by a sky beast (6 damage)
             ... on level 3 of the Dungeon on Apr 2, 2020.
             The game lasted 00:11:01 (3583 turns).

Masnef the Ogre Mage (Ogre Wizard)                  Turns: 3583, Time: 00:11:02

Health: -5/45      AC:  3    Str: 11    XL:     5   Next: 29%
Magic:  8/20       EV: 10    Int: 23    God:
Gold:   150        SH:  0    Dex:  7    Spells: 1/12 levels left

rFire    . . .     SeeInvis .   h - +3 dagger
rCold    . . .     Gourm    .   (no shield)
rNeg     . . .     Faith    .   a - +0 robe
rPois    .         Spirit   .   b - +0 hat
rElec    .         Reflect  .   (no cloak)
rCorr    .         Harm     .   (gloves unavailable)
MR       .....                  (boots unavailable)
Stlth    +.........             (no amulet)
HPRegen  0.15/turn              i - +3 ring of intelligence
MPRegen  0.17/turn              t - ring of magical power

@: no status effects
A: large, unfitting armour, tough skin 1
a: no special abilities


You were on level 3 of the Dungeon.
You were hungry.

You visited 1 branch of the dungeon, and saw 4 of its levels.

You collected 150 gold pieces.

Inventory:

Hand Weapons
 c - a +0 dagger
 h - a +3 dagger (weapon)
Armour
 a - a +0 robe (worn)
 b - a +0 hat (worn)
Jewellery
 i - a +3 ring of intelligence (left hand)
 t - a ring of magical power (right hand)
Wands
 x - a wand of random effects (18)
Scrolls
 f - a scroll of fear {unknown}
 g - a scroll of identify
 l - 2 scrolls of amnesia {unknown}
 n - 2 scrolls of enchant armour {unknown}
 o - a scroll of immolation {unknown}
 q - a scroll of magic mapping {unknown}
 r - 2 scrolls of remove curse {unknown}
 s - a scroll of teleportation {unknown}
 u - 2 scrolls of enchant weapon {unknown}
 w - 2 scrolls of fog {unknown}
Potions
 e - a potion of lignification {unknown}
 j - 2 potions of stabbing
 k - 2 potions of flight
 m - a potion of berserk rage
 p - 2 potions of cancellation
 v - a potion of might {unknown}
 A - a potion of haste
Comestibles
 d - 8 rations


   Skills:
 + Level 0.1 Fighting
 + Level 1.1 Short Blades
 - Level 1.7 Dodging
 - Level 1.4 Stealth
 - Level 4.0 Spellcasting
 * Level 3.0 Conjurations
 * Level 1.9 Summonings
 * Level 1.8 Translocations


You had one spell level left.
You knew the following spells:

 Your Spells              Type           Power        Failure   Level  Hunger
a - Magic Dart            Conj           ###.         3%          1    None
b - Blink                 Tloc           N/A          8%          2    #......
c - Call Imp              Summ           ##......     7%          2    #......
d - Mephitic Cloud        Conj/Pois/Air  #.......     21%         3    ##.....
e - Conjure Flame         Conj/Fire      ##......     17%         3    ##.....

Your spell library contained the following spells:

 Spells                   Type           Power        Failure   Level  Hunger
 Slow                     Hex            #.......     16%         2    #......


Dungeon Overview and Level Annotations

Branches:
Dungeon (4/15)
 Temple: D:4-7

Altars:
Makhleb
Uskayaw
Xom


Innate Abilities, Weirdness & Mutations

You are too large for most types of armour.
You have tough skin. (AC +1)


Message History

Your crimson imp blinks!
Your crimson imp blinks!
The sky beast flickers out of sight!
Deactivating autopickup; reactivate with Ctrl-A.
There is a stone staircase leading up here.
Something hits you but does no damage.
You climb upwards.
Reactivating autopickup.
There is a stone staircase leading down here.
You start resting.
Something hits you. Something shocks you.
Deactivating autopickup; reactivate with Ctrl-A.
You start resting.
Something hits you but does no damage.
You start resting.
Something hits you.
* * * LOW HITPOINT WARNING * * *
Something shocks you.
* * * LOW HITPOINT WARNING * * *
Something hits you.
* * * LOW HITPOINT WARNING * * *
Something shocks you.
You die...

.######...#
......†...#
.######...# .#
#...# .# ##.## ##
#..# #.##
######.###########
#..............@.#
#...............>#
#.>...#..........#
##.....#..........#
...####..##.#######
#### #..#.(.#
######.##.###
.......##.#
#########.#


There were no monsters in sight!

Vanquished Creatures
  A worker ant (D:3)
  4 adders (D:3)
  A dart slug (D:1)
  A leopard gecko (D:2)
  An orc (D:4)
  9 bats
  2 giant cockroaches
  9 goblins
  7 hobgoblins
  5 quokkas
  5 frilled lizards
  8 kobolds
  5 rats (D:1)
58 creatures vanquished.

Vanquished Creatures (collateral kills)
  A centaur skeleton (D:4)
  An adder (D:3)
  A worm (D:2)
  3 orcs (D:4)
  A goblin (D:1)
  3 hobgoblins (D:1)
  A bat (D:1)
  A kobold (D:1)
12 creatures vanquished.

Grand Total: 70 creatures vanquished

Notes
Turn   | Place    | Note
-------+----------+-------------------------------------------
     0 | D:1      | Masnef the Ogre Wizard began the quest for the Orb.
     0 | D:1      | Reached XP level 1. HP: 16/16 MP: 5/5
    30 | D:1      | Reached skill level 1 in Conjurations
   107 | D:1      | Reached XP level 2. HP: 24/24 MP: 6/6
   123 | D:1      | Learned a level 2 spell: Blink
   126 | D:1      | Learned a level 2 spell: Call Imp
   164 | D:1      | Reached skill level 1 in Translocations
   168 | D:1      | Reached skill level 1 in Summonings
   588 | D:2      | Reached XP level 3. HP: 26/31 MP: 0/8
  1700 | D:3      | Learned a level 3 spell: Mephitic Cloud
  1787 | D:3      | Found a hide-covered altar of Uskayaw,
  1799 | D:3      | Reached XP level 4. HP: 39/39 MP: 6/9
  1911 | D:3      | Reached skill level 4 in Spellcasting
  1939 | D:3      | Learned a level 3 spell: Conjure Flame
  1993 | D:3      | Upgraded the game from 0.25-a0-697-g890751e744 to
                  | 0.25-a0-699-g25a338df49
  2211 | D:3      | Reached skill level 1 in Short Blades
  2460 | D:3      | Found a shimmering altar of Xom,
  2513 | D:3      | Found a burning altar of Makhleb,
  2614 | D:4      | Noticed a sky beast
  2971 | D:3      | Reached XP level 5. HP: 17/45 MP: 11/11
  3583 | D:3      | HP: 1/45 [something (4)]
  3583 | D:3      | Slain by a sky beast

Levels and vault maps discovered:
D:1:      roderic_crop_circles_arrival_small, layout_loops_ring
D:2:      layout_basic
D:3:      layout_rooms, nicolae_overflow_crystal_walls,
          lemuel_coloured_pillars_altar, overflow_temple_1_default,
          nicolae_overflow_hidden_temple, first_ration
D:4:      gammafunk_steamed_eel, layout_loops_corners, kennysheep_mini,
          serial_bayou_pond_a, grunt_dithmenos_shadows, uniq_natasha, uniq_ijyb,
          uniq_menkaure

Skill      XL: |  1  2  3  4  5 |
---------------+----------------+-----
Conjurations   | 1 2 3 |  3.0
Translocations | 1 |  1.8
Summonings     | 1 |  1.9
Spellcasting   | 4 |  4.0
Short Blades   | 1 |  1.1
Fighting       | |  0.1
Dodging        | |  1.7
Stealth        | |  1.4

Action                   |  1- 3 |  4- 6 || total
-------------------------+-------+-------++-------
Melee: Dagger            |    50 |    32 ||    82
       Unarmed           |     1 |       ||     1
 Cast: Magic Dart        |    62 |    37 ||    99
       Call Imp          |     2 |    23 ||    25
       Blink             |       |     2 ||     2
       Mephitic Cloud    |       |     3 ||     3
Evoke: Wand              |     1 |       ||     1
  Use: Potion            |     2 |       ||     2
       Scroll            |       |     3 ||     3
  Eat: Chunk             |     3 |     5 ||     8
Armor: Robe              |    21 |    20 ||    41
Dodge: Dodged            |    31 |    28 ||    59

Table legend:
 A = Non-vault XP
 B = Vault XP
 C = Vault XP percentage of total XP
 D = Non-vault monster count
 E = Vault monster count
 F = Vault count percentage of total count
                 A         B        C        D         E       F
            +---------+---------+-------+---------+---------+-------
      Total |     211 |       0 |   0.0 |      70 |       0 |   0.0
            +---------+---------+-------+---------+---------+-------
        D:1 |      32 |       0 |   0.0 |      24 |       0 |   0.0
        D:2 |      24 |       0 |   0.0 |      13 |       0 |   0.0
        D:3 |     117 |       0 |   0.0 |      27 |       0 |   0.0
        D:4 |      38 |       0 |   0.0 |       6 |       0 |   0.0
            +---------+---------+-------+---------+---------+-------
